 Dungeon Crawl Stone Soup version 0.19-b1-4-gd8a0a2a (webtiles) character file.

1052 varam the Basher (level 8, 0/46 HPs)
             Began as a Gargoyle Fighter on Oct 30, 2016.
             Was a Believer of Okawaru.
             Killed by divine providence
             ... invoked by an orc priest
              (15 damage)
             ... on level 5 of the Dungeon.
             The game lasted 00:10:54 (4046 turns).

varam the Basher (Gargoyle Fighter)                 Turns: 4046, Time: 00:10:54

Health: 0/46       AC: 14    Str: 20    XL:     8   Next: 26%
Magic:  6/8        EV: 11    Int: 10    God:    Okawaru [**....]
Gold:   204        SH: 11    Dex: 10    Spells: 0 memorised, 7 levels left

rFire  . . .     SeeInvis .     G - +1 whip (freeze)
rCold  + . .     Gourm    .     E - +1 ring mail {rC+}
rNeg   + . .     Faith    .     c - +0 shield
rPois  ∞         Spirit   .     F - +0 helmet
rElec  +         Reflect  .     (no cloak)
rCorr  .         Harm     .     (no gloves)
MR     .....                    (no boots)
Stlth  ++........               (no amulet)
                                (no ring)
                                w - ring of poison resistance

@: heroism
A: negative energy resistance 1, electricity resistance, unbreathing,
petrification resistance, rot immunity, AC +5
a: Heroism, Renounce Religion


You were on level 5 of the Dungeon.
You worshipped Okawaru.
Okawaru was pleased with you.
You were not hungry.

You visited 1 branch of the dungeon, and saw 5 of its levels.

You collected 204 gold pieces.

Inventory:

Hand Weapons
 a - a +0 flail
 G - a +1 whip of freezing (weapon)
Armour
 c - a +0 shield (worn)
 E - a +1 ring mail of cold resistance (worn)
 F - a +0 helmet (worn)
Jewellery
 w - a ring of poison resistance (left hand)
Wands
 D - a wand of iceblast (6/15)
Scrolls
 e - 3 scrolls of identify
 m - 2 scrolls of enchant weapon
 n - a scroll of enchant armour
 q - 3 scrolls of fog
 r - 5 scrolls of teleportation
 s - a scroll of fear
 u - a scroll of immolation
 v - 3 scrolls of recharging
 y - a scroll of blinking
 C - a scroll of amnesia
Potions
 b - a potion of haste {unknown}
 d - 5 potions of might
 g - 3 potions of curing {unknown}
 i - 2 potions of brilliance {unknown}
 j - a potion of mutation {unknown}
 o - a potion of cure mutation {unknown}
 p - a potion of magic {unknown}
 t - 2 potions of degeneration {unknown}
 x - a potion of ambrosia {unknown}
 z - 2 potions of heal wounds {unknown}
 B - a potion of berserk rage {unknown}
 I - 2 potions of lignification {unknown}
Comestibles
 f - 3 bread rations
 h - 5 fruits
 k - 3 meat rations
 l - a slice of pizza
 A - 2 beef jerkies


   Skills:
 - Level 3.2(8.2) Fighting
 + Level 9.6(14.6) Maces & Flails
 - Level 3.2(8.2) Armour
 - Level 3.2(8.2) Shields


You had 7 spell levels left.
You didn't know any spells.

Dungeon Overview and Level Annotations

Branches:
Dungeon (5/15)
 Temple: D:4-7

Altars:
Dithmenos
Nemelex Xobeh
Okawaru
Ru
The Shining One


Innate Abilities, Weirdness & Mutations

You are resistant to torment.
Your stone body is resilient. (AC +5)
You are immune to poison.
You resist negative energy. (rN+)
You are resistant to electric shocks. (rElec)
You can survive without breathing.
You are immune to petrification.
You are immune to rotting.


Message History

The orc priest hits you but does no damage.
You hit the orc priest. You freeze the orc priest.
The orc priest is moderately wounded.
You hit the orc priest but do no damage.
The orc priest is moderately wounded.
The orc priest hits you but does no damage.
You barely miss the orc priest.
The orc priest is moderately wounded.
You hit the orc priest but do no damage.
The orc priest is moderately wounded.
You hit the orc priest. You freeze the orc priest.
The orc priest is heavily wounded.
The orc priest barely misses you.
You hit the orc priest but do no damage.
The orc priest is heavily wounded.
You hit the orc priest. You freeze the orc priest.
The orc priest is almost dead.
The orc priest mumbles some strange prayers to Beogh against you.
Beogh smites you!
You die...

#......##.......##.###.####
#..###..........###.......#
#.. #..#.......# #..####.#
#..###..#.......###.#.###.#
#.......#....#.###.###.##<#
###.###.#.##.#.# ##.#..##.#
#.# #......#.# #..#.##.#
#.# #.#.....<####.......#
#.###.#.##...o@......####
#...........##########
#####.......# #......##
######l## #...# #...# #...#
#...#


You could see an orc priest.

Vanquished Creatures
  Pikel (D:4)
  A phantom (D:4)
  2 slaves (D:3)
  2 ogres
  A howler monkey (D:4)
  An orc priest (D:5)
  An iguana (D:5)
  3 worker ants
  Robin (D:3)
  6 adders
  2 oozes (D:2)
  A worm (D:1)
  2 dart slugs
  7 leopard geckos
  9 orcs
  3 giant cockroaches
  17 goblins
  10 hobgoblins
  2 jackals (D:3)
  11 kobolds
  A quokka (D:3)
  4 ball pythons
  6 bats
  6 frilled lizards
  2 quokka skeletons (D:4)
  4 rats
106 creatures vanquished.

Notes
Turn   | Place    | Note
-------+----------+-------------------------------------------
     0 | D:1      | varam the Gargoyle Fighter began the quest for the Orb.
     0 | D:1      | Reached XP level 1. HP: 14/14 MP: 1/1
    39 | D:1      | Reached XP level 2. HP: 14/19 MP: 2/2
   313 | D:1      | Reached skill level 3 in Maces & Flails
   391 | D:1      | Reached XP level 3. HP: 21/23 MP: 3/3
   839 | D:2      | Found a sacrificial altar of Ru.
   900 | D:2      | Reached skill level 4 in Maces & Flails
   948 | D:2      | Reached XP level 4. HP: 28/28 MP: 4/4
  1466 | D:2      | Found an iron altar of Okawaru.
  1600 | D:2      | Became a worshipper of Warmaster Okawaru
  1911 | D:3      | Reached skill level 5 in Maces & Flails
  1911 | D:3      | Reached XP level 5. HP: 25/32 MP: 5/5
  1963 | D:3      | Found a shadowy altar of Dithmenos.
  2132 | D:3      | Found a sparkling altar of Nemelex Xobeh.
  2608 | D:4      | Noticed a phantom
  2619 | D:4      | Found a glowing golden altar of the Shining One.
  2660 | D:4      | Killed a phantom
  2660 | D:4      | Reached skill level 6 in Maces & Flails
  2660 | D:4      | Reached XP level 6. HP: 25/37 MP: 6/6
  2701 | D:4      | Noticed Robin
  2995 | D:4      | Noticed a slave
  2996 | D:4      | Noticed Pikel
  2996 | D:4      | Noticed a slave
  2997 | D:4      | Noticed a slave
  3024 | D:4      | Noticed a slave
  3059 | D:3      | Killed a slave
  3106 | D:3      | Killed Robin
  3132 | D:3      | Killed a slave
  3367 | D:4      | Killed Pikel
  3367 | D:4      | Reached * piety under Okawaru
  3367 | D:4      | Reached ** piety under Okawaru
  3367 | D:4      | Reached skill level 8 in Maces & Flails
  3367 | D:4      | Reached XP level 7. HP: 18/41 MP: 7/7
  3745 | D:4      | Reached skill level 9 in Maces & Flails
  3745 | D:4      | Reached XP level 8. HP: 45/46 MP: 8/8
  3780 | D:5      | Entered Level 5 of the Dungeon
  4046 | D:5      | Killed from afar by an orc priest

Skill      XL: |  1  2  3  4  5  6  7 |
---------------+----------------------+-----
Maces & Flails | 3 4 5 6 8 9 |  9.6
Fighting       | |  3.2
Armour         | |  3.2
Shields        | |  3.2

Action                   |  1- 3 |  4- 6 |  7- 9 || total
-------------------------+-------+-------+-------++-------
Melee: Flail             |   133 |   253 |       ||   386
       Whip              |       |       |    78 ||    78
Invok: Heroism           |       |       |     3 ||     3
  Use: Scroll            |       |       |    10 ||    10
  Eat: Chunk             |       |     8 |     3 ||    11
Armor: Scale mail        |    87 |    92 |       ||   179
       Ring mail         |       |    35 |    12 ||    47
Dodge: Dodged            |    41 |    74 |    11 ||   126
Block: Shield            |    76 |   125 |    13 ||   214
